 Dungeon Crawl Stone Soup version 0.21.1-1-g345015f (webtiles) character file.

116139 erloom the Warrior (level 16, -1/264 HPs)
             Began as a Troll Berserker on Mar 18, 2018.
             Was the Champion of Trog.
             Slain by a shock serpent (11 damage)
             ... on level 3 of the Snake Pit.
             The game lasted 01:42:53 (27525 turns).

erloom the Warrior (Troll Berserker)               Turns: 27525, Time: 01:42:53

Health: -1/264     AC: 23    Str: 39    XL:     16   Next: 20%
Magic:  0/15       EV:  8    Int:  6    God:    Trog [******]
Gold:   252        SH: 11    Dex:  9    Spells: 15/15 levels left

rFire    + + .     SeeInvis .   a - +10 falchion of Terror {slice, rElec}
rCold    + + .     Gourm    +   Q - +0 shield {AC+3}
rNeg     . . .     Faith    .   J - +7 fire dragon scales
rPois    +         Spirit   +   (helmet restricted)
rElec    +         Reflect  .   I - scarf {rC+ rF+}
rCorr    .         Harm     .   (gloves unavailable)
MR       +++..                  (boots unavailable)
Stlth    ..........             K - amulet of guardian spirit
HPRegen  0.94/turn              H - ring "Rirelaur" {rPois rC+ MR+}
MPRegen  0.14/turn              B - ring of Liberalism {Ice +Blink MR+ Str+3}

@: berserking (expiring), lethally poisoned (-1 -> -1), constricted, very quick
A: large, unfitting armour, claws 3, fast metabolism 3, gourmand, regeneration
1, shaggy fur 1, tough skin 2
a: Berserk, Trog's Hand, Brothers in Arms, Burn Spellbooks, Renounce Religion,
Evoke Blink


You were on level 3 of the Snake Pit.
You worshipped Trog.
Trog was exalted by your worship.
You were not hungry.

You visited 4 branches of the dungeon, and saw 26 of its levels.
You also visited: Bailey.

You collected 2389 gold pieces.
You spent 2137 gold pieces at shops.

Inventory:

Hand Weapons
 a - the +10 falchion of Terror (weapon) {slice, rElec}
   (You found it on level 4 of the Dungeon)

   It inflicts extra damage upon your enemies.
   It insulates you from electricity.
 y - a +4 scimitar of flaming
Missiles
 b - 8 steel tomahawks
 c - 24 large rocks
 g - 8 exploding tomahawks (quivered)
 l - 5 silver javelins
 w - 7 tomahawks of returning
 G - 3 throwing nets
Armour
 I - a scarf of resistance (worn)
 J - +7 fire dragon scales (worn)
 Q - a +0 shield of protection (worn)
Jewellery
 d - an uncursed ring of protection from magic
 p - an uncursed ring of protection from magic
 B - the ring of Liberalism (right claw) {Ice +Blink MR+ Str+3}
   (You bought it in a shop on level 1 of the Snake Pit)

   [ring of ice]

   It enhances your ice magic.
   It affects your strength (+3).
   It makes you vulnerable to fire.
   It protects you from cold.
   It affects your resistance to hostile enchantments.
   It lets you blink.
 H - the ring "Rirelaur" (left claw) {rPois rC+ MR+}
   (You found it on level 3 of the Lair of Beasts)

   [ring of poison resistance]

   It protects you from cold.
   It protects you from poison.
   It affects your resistance to hostile enchantments.
 K - an amulet of guardian spirit (around neck)
 Z - an uncursed ring of see invisible
Wands
 q - a wand of iceblast (34)
 u - a wand of acid (20)
 v - a wand of clouds (6)
 A - a wand of paralysis (16)
 E - a wand of digging (33)
 S - a wand of disintegration (7)
Scrolls
 e - 10 scrolls of remove curse
 f - 2 scrolls of fear
 m - 12 scrolls of teleportation
 n - 8 scrolls of fog
 s - 2 scrolls of silence
 L - a scroll of vulnerability {unknown}
 M - 5 scrolls of magic mapping
 O - a scroll of blinking
 Y - 3 scrolls of summoning
Potions
 h - 19 potions of curing
 k - 4 potions of heal wounds
 o - 5 potions of berserk rage
 t - a potion of resistance
 x - a potion of invisibility
 z - a potion of cancellation
 D - 7 potions of might
 F - a potion of flight
 T - 4 potions of ambrosia
 U - 3 potions of haste {unknown}
 V - 3 potions of agility {unknown}
 X - 3 potions of brilliance {unknown}
Miscellaneous
 i - a phial of floods
 r - a sack of spiders
 C - a phial of floods
Comestibles
 j - 56 rations


   Skills:
 + Level 15.1 Fighting
 + Level 13.1 Long Blades
   Level 7.2 Axes
 - Level 6.4 Armour
 - Level 9.2 Dodging
 - Level 5.7 Shields
 - Level 5.0 Unarmed Combat


You had 15 spell levels left.
You didn't know any spells.

Dungeon Overview and Level Annotations

Branches:
Dungeon (15/15)            Temple (0/1) D:7            Lair (6/6) D:10
 Shoals (0/4) Lair:3        Snake (3/4) Lair:4        Slime (0/5) Lair:5
    Orc (2/2) D:10            Elf (0/3) Orc:2        Vaults (0/5) D:13
 Depths (0/5) D:15

Altars:
Dithmenos
Fedhas
Gozag
Makhleb
Ru
Yredelemnul
Beogh

Shops:
D:5 [   D:9 :[[   Orc:1 %   Orc:2 *(=[   Snake:1 =}=

Annotations:
D:12 exclusion: oklob plant
Snake:1 exclusion: Roxanne, Roxanne
Orc:2 1 runed door, exclusion: 4 orange crystal statues


Innate Abilities, Weirdness & Mutations

You are too large for most types of armour.
You have claws for hands.
Your metabolism is lightning-fast.
You like to eat raw meat.
Your natural rate of healing is unusually fast.
You are covered in fur. (AC +1)
You have very tough skin. (AC +2)


Message History

The naga sharpshooter gestures wildly while chanting.
The naga sharpshooter magically shoots an arrow.
You block the arrow. The mana viper barely misses you.
You riposte.
You slice the mana viper!!
You feel the power of Trog in you as your rage grows.
You kill the mana viper!
Trog accepts your kill.
The shock serpent bites you but does no damage.
The naga hits you but does no damage. The naga constricts you.
You closely miss the shock serpent.
The shock serpent is moderately wounded.
The nagaraja gestures at you while chanting.
You resist with almost no effort.
The nagaraja hits you but does no damage.
You slice the shock serpent!!
The shock serpent is almost dead.
The shock serpent's electric aura discharges, shocking you!
* * * LOW HITPOINT WARNING * * *
The shock serpent bites you!
You die...

>.. ... ... #
##)#+## #.
##.....## #..
#.T.(...#.. #...
+.SN<...'..
#....#.N@8N..#
#....'.NN<.).'..
#....#..N....#..
#... ##.....##
#.( ##N#'## ##
..... ......
.......


You could see a naga warrior, 2 nagarajas, 2 naga sharpshooters, a shock
serpent, 2 nagas and a friendly iron troll (berserk).

Vanquished Creatures
  Kirke (D:13)
  Aizul (Snake:1)
  2 orc warlords
  The ghost of Cokeysmoke the Cleaver, a journeyman HOFi of Elyvilon (Orc:2)
  Snorg (Lair:6)
  The ghost of Serooblart the Warrior, a journeyman MiFi of Okawaru (D:11)
  Josephine (D:14)
  Erolcha (D:14)
  6 hydras
  2 naga warriors
  A merfolk avatar (Lair:6)
  A death knight (D:13)
  4 anacondas
  4 centaur warriors
  An ogre mage (D:15)
  2 tengu warriors
  14 two-headed ogres
  An orc high priest (Orc:1)
  3 naga sharpshooters (Snake:2)
  2 shock serpents
  Urug (D:11)
  6 skeletal warriors
  A sea snake (Lair:6)
  A naga ritualist (Snake:1)
  A swamp dragon (shapeshifter) (D:15)
  Pikel (D:7)
  3 mana vipers
  A harpy (Lair:6)
  A phantasmal warrior (D:13)
  4 ugly things
  8 orc knights
  2 deep elf magi (D:13)
  7 orc sorcerers
  A salamander (Snake:1)
  9 elephants
  4 cyclopes
  3 manticores
  Joseph (D:7)
  A merfolk siren (Lair:3)
  A guardian serpent (shapeshifter) (D:15)
  12 black mambas
  A guardian serpent (Snake:1)
  Psyche (D:11)
  12 spiny frogs
  A gargoyle (D:15)
  3 naga magi
  A centaur skeleton (D:14)
  A centaur zombie (D:13)
  A kobold demonologist (D:12)
  2 efreet (D:13)
  2 freezing wraiths (D:13)
  5 rime drakes
  11 komodo dragons
  A wind drake (Lair:6)
  6 trolls
  18 blink frogs
  5 polar bears (Lair:6)
  A blink frog (shapeshifter) (D:14)
  A meliai zombie (D:14)
  A slime creature (shapeshifter) (D:15)
  5 hornets
  10 slime creatures
  16 hippogriffs
  2 shadows
  8 wraiths
  4 water elementals (D:13)
  7 wyverns
  A yak (shapeshifter) (D:15)
  A vampire (D:15)
  16 humans (D:13)
  4 basilisks
  28 yaks
  A hungry ghost (D:15)
  A golden eye (shapeshifter) (D:15)
  2 steam dragons
  4 vampire mosquitoes (D:13)
  A soldier ant (D:14)
  9 wargs
  2 acid dragons
  16 nagas
  9 water moccasins
  Duvessa (D:6)
  3 sky beasts
  31 orc warriors
  5 porcupines
  2 black bears (D:7)
  4 slaves (D:7)
  3 ice beasts
  6 wolves
  2 necrophages (D:14)
  7 boggarts (D:15)
  5 centaurs
  14 ogres
  15 crocodiles
  4 big kobolds
  23 bullfrogs
  Dowan (D:6)
  5 killer bees (D:8)
  8 wights
  A vampire bat (Lair:1)
  8 howler monkeys
  4 electric eels (D:13)
  7 crimson imps
  2 human zombies (D:14)
  21 orc priests
  Crazy Yiuf (D:3)
  5 hounds
  A human skeleton (D:14)
  A jelly (D:11)
  A bullfrog skeleton (D:8)
  28 orc wizards
  8 iguanas
  9 worker ants
  2 killer bee zombies
  An ogre zombie (D:14)
  2 hound zombies
  A hound skeleton (D:8)
  2 mummies (D:14)
  A howler monkey zombie (D:7)
  A worker ant zombie (D:7)
  A howler monkey skeleton (D:5)
  12 adders
  2 gnolls
  5 shadow imps
  4 oozes
  2 adder skeletons
  A worm (shapeshifter) (D:13)
  A worm (D:3)
  3 dart slugs
  2 leopard geckos
  90 orcs
  A ball python (D:2)
  6 giant cockroaches
  6 hobgoblins
  2 jackals (D:8)
  4 quokkas
  16 bats
  3 frilled lizards
  2 giant cockroach zombies (D:5)
  13 goblins
  26 kobolds
  2 leopard gecko skeletons
  An orc skeleton (D:14)
  9 rats
800 creatures vanquished.

Vanquished Creatures (collateral kills)
  A nagaraja (Snake:3)
  A naga ritualist (Snake:3)
  A black mamba (Snake:3)
3 creatures vanquished.

Vanquished Creatures (others)
  4 humans (D:13)
  2 orcs (D:13)
  4 fungi
  12 plants (Lair:6)
22 creatures vanquished.

Grand Total: 825 creatures vanquished

Notes
Turn   | Place    | Note
-------+----------+-------------------------------------------
     0 | D:1      | erloom the Troll Berserker began the quest for the Orb.
     0 | D:1      | Reached XP level 1. HP: 22/22 MP: 0/0
    97 | D:1      | HP: 1/22 [dart slug/slug dart (3)]
   174 | D:1      | Reached XP level 2. HP: 24/29 MP: 1/1
  1070 | D:2      | Noticed an ogre
  1076 | D:2      | Killed an ogre
  1076 | D:2      | Reached ** piety under Trog
  1076 | D:2      | Reached skill level 3 in Fighting
  1076 | D:2      | Reached XP level 3. HP: 36/37 MP: 2/2
  1076 | D:2      | Reached XP level 4. HP: 44/45 MP: 3/3
  1687 | D:3      | Found a runed door.
  1779 | D:3      | Reached XP level 5. HP: 53/53 MP: 4/4
  2548 | D:3      | Noticed Crazy Yiuf
  2554 | D:3      | Killed Crazy Yiuf
  2705 | D:4      | Reached *** piety under Trog
  2705 | D:4      | Reached XP level 6. HP: 62/62 MP: 5/5
  2913 | D:4      | Found a shadowy altar of Dithmenos.
  2917 | D:4      | Reached skill level 4 in Fighting
  2938 | D:4      | Reached skill level 5 in Unarmed Combat
  2987 | D:4      | Got a blackened falchion
  2988 | D:4      | Identified the +10 falchion of Terror {slice, rElec} (You found it on level 4 of the Dungeon)
  3099 | D:5      | Entered Level 5 of the Dungeon
  3107 | D:5      | Reached XP level 7. HP: 64/70 MP: 6/6
  3167 | D:5      | Reached skill level 1 in Long Blades
  3288 | D:5      | Found Sukuh's Antique Armour Shop.
  3664 | D:5      | Reached skill level 5 in Fighting
  3766 | D:5      | Reached XP level 8. HP: 79/81 MP: 7/7
  3771 | D:5      | Identified the Almanac of the Dark Glacier
  4182 | D:6      | Reached **** piety under Trog
  4182 | D:6      | Reached skill level 6 in Fighting
  4197 | D:6      | Noticed Dowan
  4244 | D:6      | Killed Dowan
  4265 | D:6      | Noticed Duvessa
  4277 | D:6      | Killed Duvessa
  4854 | D:7      | Reached skill level 5 in Long Blades
  4868 | D:7      | Reached XP level 9. HP: 76/92 MP: 8/8
  4918 | D:7      | Reached skill level 7 in Fighting
  4927 | D:7      | Reached skill level 5 in Dodging
  4962 | D:7      | Noticed Pikel
  5001 | D:7      | Killed Pikel
  5116 | D:7      | Reached ***** piety under Trog
  5263 | D:7      | Noticed Joseph
  5278 | D:7      | Killed Joseph
  5278 | D:7      | Reached skill level 8 in Fighting
  5335 | D:7      | Found a burning altar of Makhleb.
  5336 | D:7      | Noticed a blizzard demon
  5421 | D:7      | Reached XP level 10. HP: 100/104 MP: 9/9
  5450 | D:7      | Found a staircase to the Ecumenical Temple.
  6037 | D:8      | Found a flagged portal.
  6053 | Bailey   | Entered a bailey
  6060 | Bailey   | Noticed an orc warlord
  6132 | Bailey   | Noticed an orc knight
  6155 | Bailey   | Killed an orc knight
  6155 | Bailey   | Reached skill level 1 in Armour
  6216 | Bailey   | Found a runed gate.
  6216 | Bailey   | Found a runed gate.
  6223 | Bailey   | Found a runed gate.
  6263 | Bailey   | Received a gift from Trog
  6266 | Bailey   | Got a transparent hunting sling {god gift}
  6341 | Bailey   | Killed an orc warlord
  6440 | Bailey   | Identified the +6 hunting sling "Esituu" {flame, rC+ Int+3} (Trog gifted it to you in a bailey)
  7229 | D:9      | Reached skill level 1 in Axes
  7261 | D:9      | Found Piysuv's Book Shop.
  7326 | D:9      | Found Qeoll's Antique Armour Emporium.
  7332 | D:9      | Bought a transparent robe for 119 gold pieces
  7342 | D:9      | Identified the +0 robe of Heresy {*Corrode +Inv Int+2} (You bought it in a shop on level 9 of the Dungeon)
  7359 | D:9      | Found Weqory's Antique Armour Shop.
  7774 | D:10     | Entered Level 10 of the Dungeon
  7881 | D:10     | Identified 2 scrolls of acquirement
  7890 | D:10     | Got a slimy brass amulet
  7899 | D:10     | Identified the amulet "Qin Uter" {Harm *Drain rF+ MR+ Int+2} (You acquired it on level 10 of the Dungeon)
  7959 | D:10     | Reached skill level 9 in Fighting
  8012 | D:10     | You fall through a shaft!
  8148 | D:11     | Noticed an eight-headed hydra
  8175 | D:12     | Noticed a cyclops
  8188 | D:12     | Killed a cyclops
  8188 | D:12     | Reached XP level 11. HP: 73/115 MP: 10/10
  8418 | D:12     | Noticed a two-headed ogre
  8424 | D:12     | Killed a two-headed ogre
  8549 | D:11     | Noticed Serooblart's ghost (journeyman MiFi)
  8568 | D:11     | Killed Serooblart's ghost
  8622 | D:11     | Noticed a purple ugly thing
  8636 | D:11     | Killed a purple ugly thing
  8661 | D:11     | Noticed a two-headed ogre
  8673 | D:11     | Killed a two-headed ogre
  8800 | D:11     | Noticed an eight-headed hydra
  8817 | D:11     | Killed an eight-headed hydra
  8817 | D:11     | Reached skill level 10 in Fighting
  8880 | D:11     | Noticed Psyche
  8881 | D:11     | Noticed Urug
  8890 | D:11     | Killed Urug
  8890 | D:11     | Reached skill level 5 in Axes
  8895 | D:11     | Killed Psyche
  9126 | D:11     | Killed an eight-headed hydra
  9490 | D:12     | You fall through a shaft for 2 floors!
  9490 | D:14     | Noticed a skeletal warrior
  9508 | D:14     | Killed a skeletal warrior
  9576 | D:14     | Noticed a two-headed ogre
  9599 | D:14     | Killed a two-headed ogre
  9623 | D:14     | Noticed a centaur warrior
  9632 | D:14     | Killed a centaur warrior
  9809 | D:13     | Found a sacrificial altar of Ru.
  9809 | D:13     | Noticed a centaur warrior
  9817 | D:13     | Noticed Kirke
  9827 | D:13     | Noticed a death knight
  9833 | D:13     | Killed Kirke
  9833 | D:13     | Reached skill level 1 in Shields
  9833 | D:13     | Reached XP level 12. HP: 102/128 MP: 11/11
  9848 | D:13     | Killed a death knight
  9850 | D:13     | Reached skill level 11 in Fighting
 10701 | D:13     | Noticed a two-headed ogre
 10877 | D:13     | Noticed a tengu warrior
 10896 | D:13     | Killed a tengu warrior
 10925 | D:13     | Noticed a centaur warrior
 10944 | D:13     | Killed a centaur warrior
 10974 | D:13     | Noticed a two-headed ogre
 10987 | D:13     | Killed a two-headed ogre
 11085 | D:13     | Reached XP level 13. HP: 114/137 MP: 12/12
 11277 | D:13     | Found a gate to the Vaults.
 11487 | D:12     | Received a gift from Trog
 11531 | D:12     | Reached skill level 5 in Armour
 12273 | D:10     | Found a staircase to the Lair.
 12461 | D:10     | Found a staircase to the Orcish Mines.
 12945 | Lair:1   | Entered Level 1 of the Lair of Beasts
 13632 | Lair:1   | Reached skill level 5 in Shields
 14024 | Lair:2   | Reached skill level 12 in Fighting
 14114 | Lair:2   | Got a faintly glowing falchion
 14118 | Lair:2   | Identified the +5 falchion of Distant Shores {slice, rElec} (You found it on level 2 of the Lair of Beasts)
 14170 | Lair:2   | Received a gift from Trog
 14197 | Lair:2   | Reached ****** piety under Trog
 14674 | Lair:3   | Reached XP level 14. HP: 149/149 MP: 13/13
 14838 | Lair:3   | Got a glittering wooden ring
 14845 | Lair:3   | Identified the ring "Rirelaur" {rPois rC+ MR+} (You found it on level 3 of the Lair of Beasts)
 15087 | Lair:3   | Found a staircase to the Shoals.
 15411 | Lair:4   | Got a pitted halberd
 16072 | Lair:4   | Found a staircase to the Snake Pit.
 16873 | Lair:5   | Received a gift from Trog
 16912 | Lair:5   | Found an opulent altar of Gozag.
 17193 | Lair:5   | Found a staircase to the Slime Pits.
 17270 | Lair:6   | Entered Level 6 of the Lair of Beasts
 17522 | Lair:6   | Reached skill level 10 in Long Blades
 17708 | Lair:6   | Noticed Snorg
 17728 | Lair:6   | Killed Snorg
 17856 | Lair:6   | Reached skill level 13 in Fighting
 17861 | Lair:6   | Paralysed by a hornet for 2 turns
 18217 | Lair:6   | Received a gift from Trog
 18915 | D:10     | Identified the +5 halberd of Gin and Tonic {chop, rF+ MP+9 Dex-2} (You found it on level 4 of the Lair of Beasts)
 19053 | D:12     | Found a blossoming altar of Fedhas.
 20148 | D:14     | Noticed Erolcha
 20156 | D:14     | Killed Erolcha
 20296 | D:14     | Noticed Josephine
 20320 | D:14     | Killed Josephine
 20326 | D:14     | Reached XP level 15. HP: 133/161 MP: 14/14
 20642 | D:14     | Found a basalt altar of Yredelemnul.
 20895 | D:15     | Entered Level 15 of the Dungeon
 21117 | D:15     | Found a shadowy altar of Dithmenos.
 22009 | D:15     | Received a gift from Trog
 22279 | D:15     | Reached skill level 14 in Fighting
 22436 | D:15     | Found a staircase to the Depths.
 22687 | Orc:1    | Entered Level 1 of the Orcish Mines
 22927 | Orc:2    | Entered Level 2 of the Orcish Mines
 22955 | Orc:2    | Found a runed door.
 22971 | Orc:2    | Found the +10 large shield of Ignorance {rN+ Int-4}
 23557 | Orc:2    | Noticed Cokeysmoke's ghost (journeyman HOFi)
 23613 | Orc:2    | Killed Cokeysmoke's ghost
 24049 | Orc:2    | Found a roughly hewn altar of Beogh.
 24098 | Orc:2    | Noticed an orc warlord
 24226 | Orc:2    | Killed an orc warlord
 24497 | Orc:2    | Found a staircase to the Elven Halls.
 24648 | Orc:2    | Found Utyust's Antique Armour Shop.
 24680 | Orc:2    | Found Cont's Antique Weapon Shop.
 24696 | Orc:2    | Found Veuggaug's General Store.
 24704 | Orc:2    | Bought a scroll of teleportation for 39 gold pieces
 24713 | Orc:2    | Found Oshi Yna's Jewellery Shop.
 24760 | Orc:2    | Bought a shimmering glaive for 356 gold pieces
 24760 | Orc:2    | Bought a shimmering hand axe for 248 gold pieces
 24994 | Orc:2    | Found a runed door.
 25061 | Orc:1    | Found Zethrit's Food Shoppe.
 25093 | Orc:1    | Received a gift from Trog
 25486 | D:10     | Identified the +4 hand axe "Maiff" {vamp, rF+ rN+ MR- Int+6} (You bought it in a shop on level 2 of the Orcish Mines)
 25586 | Snake:1  | Entered Level 1 of the Snake Pit
 25669 | Snake:1  | Noticed Aizul
 25688 | Snake:1  | Killed Aizul
 25932 | Snake:1  | Noticed Roxanne
 26439 | Snake:1  | Found Xivuxym's Jewellery Boutique.
 26439 | Snake:1  | Found Vilitef's Gadget Emporium.
 26440 | Snake:1  | Found Buz Cou's Jewellery Boutique.
 26452 | Snake:1  | Bought the ring of Liberalism {Ice +Blink MR+ Str+3} for 865 gold pieces
 26452 | Snake:1  | Bought an uncursed amulet of guardian spirit for 510 gold pieces
 26910 | Snake:2  | Reached XP level 16. HP: 128/174 MP: 2/15
 27413 | Snake:2  | Reached skill level 15 in Fighting
 27525 | Snake:3  | HP: 9/264 [shock serpent/electric aura (13)]
 27525 | Snake:3  | Slain by a shock serpent

Skill      XL: |  1  2  3  4  5  6  7  8  9 10 11 12 13 14 15 16 |
---------------+-------------------------------------------------+-----
Fighting       | 3 4 5 6 8 9 10 11 12 13 14 15 | 15.1
Dodging        | 3 4 6 7 8 9 |  9.2
Unarmed Combat | 4 5 |  5.0
Long Blades    | 3 5 6 7 9 11 12 13 | 13.1
Armour         | 2 4 6 |  6.4
Axes           | 2 6 7 |  7.2
Shields        | 1 3 5 |  5.7

Action                   |  1- 3 |  4- 6 |  7- 9 | 10-12 | 13-15 | 16-18 || total
-------------------------+-------+-------+-------+-------+-------+-------++-------
Melee: Unarmed           |    56 |   130 |       |       |       |       ||   186
       Falchion          |       |     5 |   222 |   504 |  1975 |    93 ||  2799
       Punch             |       |       |     8 |     7 |       |       ||    15
       Short sword       |       |       |       |    12 |       |       ||    12
       Scimitar          |       |       |       |       |    21 |       ||    21
Invok: Berserk           |     1 |     3 |     4 |    11 |    12 |     1 ||    32
       Burn Spellbooks   |       |       |     1 |     2 |     3 |       ||     6
       Trog's Hand       |       |       |       |     3 |     6 |     1 ||    10
       Brothers in Arms  |       |       |       |       |       |     1 ||     1
  Use: Scroll            |       |     8 |     7 |    13 |    14 |       ||    42
 Stab: Distracted        |       |       |       |       |     2 |       ||     2
  Eat: Chunk             |    11 |    23 |    28 |    59 |   150 |     4 ||   275
       Ration            |       |       |       |     2 |     2 |     1 ||     5
Armor: Animal skin       |    14 |    59 |    51 |       |       |       ||   124
       Robe              |       |       |    38 |    14 |       |       ||    52
       Fire dragon scale |       |       |       |   250 |   676 |    52 ||   978
Dodge: Dodged            |    22 |    85 |   116 |   169 |   483 |    52 ||   927
Block: Shield            |       |       |       |   103 |   794 |    75 ||   972
       Rpst.: Falchion   |       |     1 |    33 |    37 |   120 |    11 ||   202
       Scimitar          |       |       |       |       |     3 |       ||     3
